 Dungeon Crawl Stone Soup version 0.22.1-1-ga44c0e5 (webtiles) character file.

16 inc the Changer (level 2, -1/12 HPs)
             Began as a Felid Transmuter on Oct 24, 2018.
             Slain by a jackal (2 damage)
             ... on level 1 of the Dungeon.
             The game lasted 00:01:06 (587 turns).

inc the Changer (Felid Transmuter)                   Turns: 587, Time: 00:01:06

Health: -1/12      AC:  1    Str:  6    XL:     2   Next: 37%
Magic:  5/6        EV: 18    Int: 14    God:
Gold:   12         SH:  0    Dex: 16    Spells: 4/5 levels left
                                        Lives:  0   Deaths: 0

rFire    . . .     SeeInvis +     - Unarmed
rCold    . . .     Gourm    .   (shield unavailable)
rNeg     . . .     Faith    .   (armour unavailable)
rPois    .         Spirit   .   (helmet unavailable)
rElec    .         Reflect  .   (cloak unavailable)
rCorr    .         Harm     .   (gloves unavailable)
MR       .....                  (boots unavailable)
Stlth    ++........             (no amulet)
HPRegen  0.04/turn              (no ring)
MPRegen  0.10/turn              (no ring)

@: appendage, quick
A: very small, no armour, no weapons or thrown items, stealth, claws 1, fangs 3,
horns 2, see invisible, carnivore, speed 1, shaggy fur 1, slow metabolism 1,
sharp paws
a: End Transformation


You were on level 1 of the Dungeon.
You were not hungry.
You had grown temporary horns.
You visited 1 branch of the dungeon, and saw 2 of its levels.

You collected 12 gold pieces.

Inventory:

Missiles
 a - 27 arrows
Jewellery
 b - an uncursed ring of protection from fire {unknown}
Scrolls
 f - a scroll of teleportation {unknown}
 h - a scroll of remove curse {unknown}
Potions
 d - a potion of lignification {unknown}
 e - a potion of might {unknown}
 g - a potion of curing {unknown}
Comestibles
 c - 2 rations


   Skills:
 - Level 1.0 Fighting
 - Level 2.6 Dodging
 - Level 3.0 Unarmed Combat
 - Level 2.0 Spellcasting
 + Level 3.4 Transmutations


You had 4 spell levels left.
You knew the following spells:

 Your Spells              Type           Power        Failure   Level  Hunger
a - Beastly Appendage     Tmut           ##....       6%          1    ##.....

Your spell library contained the following spells:

 Spells                   Type           Power        Failure   Level  Hunger
 Sticks to Snakes         Tmut           ##......     9%          2    ###....
 Spider Form              Tmut/Pois      #.........   34%         3    ####...
 Ice Form                 Ice/Tmut       #.......     75%         4    #####..
 Blade Hands              Tmut           ##........   85%         5    ######.


Dungeon Overview and Level Annotations

Branches:
Dungeon (2/15)

Altars:


Innate Abilities, Weirdness & Mutations

You cannot wear armour.
You are incapable of wielding weapons or throwing items.
Your paws allow you to move quietly. (Stealth)
You have sharp claws.
You have razor-sharp teeth.
You have supernaturally acute eyesight. (SInv)
You are carnivorous and can eat meat at any time.
You cover ground quickly.
You are covered in fur. (AC +1)
You have a slow metabolism.
Your sharp claws are effective at attacking unaware monsters.
You have a pair of horns on your head.


Message History

The jackal closely misses you. The jackal completely misses you.
You scratch the jackal. You bite the jackal, but do no damage.
The jackal is heavily wounded.
The jackal misses you.
You scratch the jackal.
You kill the jackal!
The jackal completely misses you.
You scratch the jackal but do no damage.
You bite the jackal.
The jackal is severely wounded.
Your horns disappear.
The jackal bites you.
* * * LOW HITPOINT WARNING * * *
You barely miss the jackal.
The jackal is severely wounded.
The jackal barely misses you.
Casting: Beastly Appendage (safe; 6% risk of failure)
Confirm with . or Enter, or press ? or * to list all spells.
You grow a pair of large bovine horns.
The jackal bites you.
You die...

... #.......# ... ..
#..###h.##.# #)#..#
#.....#####
#....###.........#
####......######.#
#######.##.## .#
#.......#..h## .# .#
#.####...###h# .# .#
#.###....###@####.# ##
#.#......##>....#.#
##.#.#.......###...#
#............# #.###
##.......###..###.##
###........###......(###
#..#....[.........###.....
...........##..#...#.#.#.#
...........##..#....# .#


You could see 2 jackals.

Vanquished Creatures
  A dart slug (D:1)
  A giant cockroach (D:1)
  2 hobgoblins (D:1)
  2 jackals (D:1)
  2 kobolds (D:1)
  A ball python (D:1)
  A bat (D:1)
  2 frilled lizards (D:1)
  2 rats (D:1)
14 creatures vanquished.

Notes
Turn   | Place    | Note
-------+----------+-------------------------------------------
     0 | D:1      | inc the Felid Transmuter began the quest for the Orb.
     0 | D:1      | Reached XP level 1. HP: 9/9 MP: 4/4
   172 | D:1      | Reached XP level 2. HP: 11/12 MP: 4/6
   587 | D:1      | Slain by a jackal

Skill      XL: |  1 |
---------------+----+-----
Transmutations | 3 |  3.4
Fighting       | |  1.0
Dodging        | |  2.6
Unarmed Combat | |  3.0
Spellcasting   | |  2.0

Action                   || total
-------------------------++-------
Melee: Unarmed           ||    41
       Headbutt          ||     3
       Bite              ||     2
       Punch             ||     1
 Cast: Beastly Appendage ||     6
 Stab: Sleeping          ||     3
Dodge: Dodged            ||    24
